 Dungeon Crawl Stone Soup version 0.31.0-12-g77e489cdc1 (webtiles) character file.

Game seed: 13147208514156213821

152 ChrisAssaf the Ruffian (level 5, 0/41 HPs)
             Began as a Draconian Shapeshifter on Feb 14, 2024.
             Succumbed to an orc's poison
             ... on level 4 of the Dungeon.
             The game lasted 00:06:15 (2345 turns).

ChrisAssaf the Ruffian (Draconian Shapeshifter)     Turns: 2345, Time: 00:06:15

Health: 0/41       AC:  5    Str: 16    XL:     5   Next: 11%
Magic:  15/15      EV: 12    Int: 13    God:
Gold:   17         SH:  0    Dex: 10    Spells: 4/6 levels left

rFire   x . .        n - +1 arbalest (heavy)
rCold   + . .        (shield currently unavailable)
rNeg    . . .        (body armour unavailable)
rPois   .            (helmet restricted)
rElec   .            (no cloak)
rCorr   .            (no gloves)
SInv    .            (no boots)
Will    .....        (no amulet)
Stlth   +            f - ring of magical power
HPRegen 0.26/turn    m - ring of ice
MPRegen 0.14/turn

%: no passive effects
@: mighty, lethally poisoned (0 -> -1), attractive
A: AC +5, unfitting armour, cold-blooded
a: no special abilities


You were on level 4 of the Dungeon.
You visited 1 branch of the dungeon, and saw 4 of its levels.

You collected 273 gold pieces.
You spent 256 gold pieces at shops.

Inventory:

Hand Weapons
 h - a +3 short sword of venom
 n - a +1 heavy arbalest (weapon)
Missiles
 k - a throwing net
Jewellery
 f - a ring of magical power (left hand)
 m - a ring of ice (right hand)
Talismans
 b - a beast talisman
 c - a flux talisman
Scrolls
 d - 2 scrolls of teleportation
 g - a scroll of poison
 l - a scroll of revelation
Potions
 a - a potion of lignification
 i - a potion of brilliance


   Skills:
 * Level 1.7 Fighting
 * Level 1.0 Short Blades
 * Level 0.4 Throwing
 * Level 2.2 Dodging
 * Level 1.2 Stealth
 * Level 3.9 Unarmed Combat
 * Level 1.0 Spellcasting
 * Level 0.5 Summonings
 * Level 3.5 Shapeshifting


You had 4 spell levels left.
You knew the following spells:

 Your Spells              Type           Power      Damage    Failure   Level
a - Call Imp              Summ           4%         N/A       34%         2

Your spell library contained the following spells:

 Spells                   Type           Power      Damage    Failure   Level
 Sublimation of Blood     Necr           0%         N/A       38%         2
 Animate Dead             Necr           0%         N/A       95%         4
 Borgnjor's Vile Clutch   Necr/Erth      0%         N/A       100%        5
 Iskenderun's Battlesphe  Conj           0%         2d6       100%        5
 Bombard                  Conj/Erth      0%         9d1       100%        6
 Death Channel            Necr           0%         N/A       100%        6
 Spellforged Servitor     Conj/Summ      0%         N/A       100%        7
 Summon Hydra             Summ           1%         N/A       100%        7


Dungeon Overview and Level Annotations

Branches:
Dungeon (4/15)             Temple (0/1) D:4

Altars:
The Shining One

Shops:
D:3 *


Innate Abilities, Weirdness & Mutations

Your plain brown scales are hard. (AC +5)
You cannot fit into any form of body armour.
You are cold-blooded and may be slowed by cold attacks.


Message History

The orc hits you with a +0 dagger.
You feel sick.
You shoot a bolt. The bolt hits the orc!
You kill the orc!
You feel very sick.
The orc throws a poisoned dart.
The poisoned dart hits you!
You are more poisoned.
The orc hits you but does no damage.
Fire: n) +1 arbalest (heavy)
Press: ? - help, Q - select action, (/) - cycle Shift-Dir - straight line, f - orc
Aim: an orc, wielding a +0 trident and quivering poisoned darts (47% to hit)
You shoot a bolt. The bolt barely misses the orc.
* * * LOW HITPOINT WARNING * * *
You feel extremely sick.
The orc hits you from afar with a +0 trident.
* * * LOW HITPOINT WARNING * * *
The orc closely misses you.
The orc hits you from afar with a +0 trident.
* * * LOW HITPOINT WARNING * * *
* * * LOW HITPOINT WARNING * * *
You feel sick. The orc barely misses you.
Things that are here:
a +0 dagger; a +0 ring mail; an orc corpse You shoot a bolt.
The bolt hits the orc!
You kill the orc!
* * * LOW HITPOINT WARNING * * *
You feel very sick.
* * * LOW HITPOINT WARNING * * *
You feel sick.
There is an open door here.
Things that are here:
a +0 trident; 5 poisoned darts; an orc corpse Unknown command.
It was a potion of attraction.
You feel attractive to monsters.
* * * LOW HITPOINT WARNING * * *
You feel sick.
It was a potion of might.
You feel very mighty all of a sudden.
You die...

### #.#.##.# #....... . ...
##....#.# #.......
..##.##.......## #.......
.......#......# ##+####.......
###............# ..............
#...#.##.......####'#######......
#...#..........##.....# ##...>..
...##.##......##.⌠.⌠.####.......
###.##..######.)@..>..'.##.>.....
....<...### ####.⌠.⌠.#..........
##.##.....# #.....####.......
#....###..# ###'### #.......
....#.. #.# .# ##...... ##....#.
..# .. ##..... ......### ... ##.
###### .####.. #. .. # . #.. #


There were no monsters in sight!

Vanquished Creatures
  A hound (D:4)
  Jessica (D:2)
  An adder (D:3)
  2 orcs (D:4)
  2 endoplasms (D:2)
  A giant cockroach (D:2)
  A goblin (D:1)
  2 hobgoblins
  3 jackals (D:1)
  6 quokkas
  4 ball pythons
  4 bats
  A frilled lizard (D:2)
  A kobold (D:2)
  5 rats
35 creatures vanquished.

Vanquished Creatures (collateral kills)
  A bombardier beetle (D:3)
  An adder (D:2)
  A ball python (D:3)
  An endoplasm (D:3)
  2 hobgoblins
6 creatures vanquished.

Grand Total: 41 creatures vanquished

Notes
Turn   | Place    | Note
-------+----------+-------------------------------------------
     0 | D:1      | ChrisAssaf the Draconian Shapeshifter began the quest for
                  | the Orb.
     0 | D:1      | Reached XP level 1. HP: 16/16 MP: 1/1
   273 | D:1      | Reached XP level 2. HP: 23/23 MP: 2/2
   787 | D:2      | Noticed Jessica
   797 | D:2      | Killed Jessica
   798 | D:2      | Reached XP level 3. HP: 22/28 MP: 3/3
   802 | D:2      | Learned a level 2 spell: Call Imp
  1178 | D:3      | Reached skill level 1 in Stealth
  1270 | D:3      | Reached XP level 4. HP: 31/35 MP: 4/4
  1461 | D:3      | Found Geuninuj's General Store.
  1467 | D:3      | Bought a throwing net for 30 gold pieces
  1467 | D:3      | Bought a scroll of revelation for 75 gold pieces
  1747 | D:3      | Found a glowing golden altar of the Shining One.
  1999 | D:4      | Reached skill level 1 in Short Blades
  1999 | D:4      | Reached skill level 1 in Spellcasting
  1999 | D:4      | Reached XP level 5. HP: 26/41 MP: 6/6
  2221 | D:4      | Found a staircase to the Ecumenical Temple.
  2297 | D:3      | Bought a +1 heavy arbalest for 151 gold pieces
  2342 | D:4      | HP: 2/41 [poisoned by an orc]
  2345 | D:4      | Succumbed to an orc's poison

Illustrated notes

Levels and vault maps discovered:
D:1:      psy_arrival_radial02, layout_loops_ring
D:2:      layout_basic, serial_glass, glass_columns_c, glass_columns_a,
          glass_columns_a, glass_columns_c, minmay_gold_behind_fungi,
          uniq_jessica
D:3:      layout_basic, tso_oasis_becter, serial_shops, shop,
          hangedman_decor_peaks_small, dk_noncrumbling_3
D:4:      layout_rooms, kennysheep_little_box, minmay_temple_entry_hall

Skill      XL: |  1  2  3  4 |
---------------+-------------+-----
Dodging        | 2 |  2.2
Stealth        | 1 |  1.2
Short Blades   | 1 |  1.0
Spellcasting   | 1 |  1.0
Fighting       | |  1.7
Throwing       | |  0.4
Unarmed Combat | |  3.9
Summonings     | |  0.5
Shapeshifting  | |  3.5

Action                     |  1- 3 |  4- 6 || total
---------------------------+-------+-------++-------
  Melee: Unarmed           |    46 |       ||    46
         Tailslap          |     8 |     1 ||     9
         Punch             |     2 |       ||     2
         Short sword       |    25 |    22 ||    47
   Fire: Arbalest          |       |     4 ||     4
   Cast: Call Imp          |     1 |     1 ||     2
    Use: Scroll            |     5 |     1 ||     6
         Potion            |       |     2 ||     2
   Stab: Sleeping          |     1 |     1 ||     2
 Armour: Skin              |    44 |    36 ||    80
  Dodge: Dodged            |    48 |    25 ||    73
         Form:             |     1 |       ||     1
         Beast             |     1 |       ||     1
